 Dungeon Crawl Stone Soup version 0.27.1-1-g398f81649c (webtiles) character file.

Game seed: 14279391209013388173

70 phibes the Ducker (level 4, -1/34 HPs)
             Began as a Djinni Gladiator on Sept 12, 2021.
             Shot with an arrow by a centaur (7 damage)
             ... on level 3 of the Dungeon.
             The game lasted 00:43:54 (3078 turns).

phibes the Ducker (Djinni Gladiator)                Turns: 3078, Time: 00:43:54

Health: -1/34      AC: 10    Str: 12 (14) XL:     4   Next: 44%
Gold:   86         EV: 10    Int: 13 (15) God:
                   SH:  0    Dex: 13 (15)

rFire    + + .     SeeInvis .     - Unarmed
rCold    x . .     Faith    .   (no shield)
rNeg     . . .     Spirit   .   n - +0 chain mail
rPois    ∞         Reflect  .   b - +0 helmet
rElec    .         Harm     .   j - +0 cloak
rCorr    .         Rampage  .   (no gloves)
Will     .....                  (boots unavailable)
Stlth    ..........             (no amulet)
HPRegen  0.11/turn              q - +6 ring of intelligence
MPRegen  0.00/turn              r - +4 ring of evasion

@: flying
A: sickness immunity, fire resistance 2, cold vulnerability 1, float, innate
caster, hp casting, extra vitality 1
a: no special abilities


You were on level 3 of the Dungeon.
You visited 1 branch of the dungeon, and saw 3 of its levels.

You collected 86 gold pieces.

Inventory:

Missiles
 c - 3 throwing nets (quivered)
Armour
 a - a +0 leather armour
 b - a +0 helmet (worn)
 g - a +0 leather armour
 i - a +0 ring mail
 j - a +0 cloak (worn)
 n - a +0 chain mail (worn)
 o - a +0 ring mail
Jewellery
 q - a +6 ring of intelligence (left hand)
 r - a +4 ring of evasion (right hand)
Scrolls
 d - 2 scrolls of teleportation
 f - 3 scrolls of identify
Potions
 e - a potion of flight


   Skills:
 + Level 2.6 Fighting
 - Level 1.5 Throwing
 + Level 1.1 Armour
 + Level 3.8 Dodging
 + Level 3.4 Unarmed Combat
 + Level 1.0 Spellcasting


You had 4 spell levels left.
You knew the following spells:

 Your Spells              Type           Power      Damage    Failure   Level
a - Magic Dart            Conj           12%        1d3       100%        1
Your spell library was empty.


Dungeon Overview and Level Annotations

Branches:
Dungeon (3/15)

Altars:
Cheibriados
Vehumet
Xom


Innate Abilities, Weirdness & Mutations

You are immune to sickness and miasma.
You are immune to poison.
Your flesh is very heat resistant. (rF++)
You are vulnerable to cold. (rC-)
You float through the air rather than walking.
You learn spells naturally, not from books.
Your magical power is your life essence.
You have superior vitality. (+4 HP)


Message History

The ball python closely misses you. x2
The ball python bites you but does no damage.
The ball python grabs you. The ball python constricts you.
You hit the ball python.
You kill the ball python!
An endoplasm comes into view.
The endoplasm quivers.
You hit the endoplasm.
The endoplasm is lightly wounded.
The endoplasm barely misses you.
You hit the endoplasm.
The endoplasm is severely wounded.
The endoplasm barely misses you.
You hit the endoplasm but do no damage.
The endoplasm is severely wounded.
The endoplasm hits you.
You barely miss the endoplasm.
The endoplasm is severely wounded.
The endoplasm closely misses you.
You hit the endoplasm.
You kill the endoplasm!
Found a glowing rapier.
You see here a +4 rapier of venom.
A centaur comes into view.
Found 6 gold pieces.
The centaur wields a +0 shortbow.
The centaur shoots an arrow.
The arrow hits you.
The centaur shoots an arrow.
The arrow hits you.
A centaur is nearby!
The centaur shoots an arrow.
The arrow barely misses you.
A centaur is nearby!
The centaur shoots an arrow.
The arrow hits you.
The centaur shoots an arrow.
The arrow hits you!
A centaur is nearby!
The centaur shoots an arrow.
The arrow hits you.
The centaur shoots an arrow.
The arrow closely misses you.
The centaur shoots an arrow.
The arrow hits you.
The centaur shoots an arrow.
The arrow hits you!
* * * LOW HITPOINT WARNING * * *
The centaur shoots an arrow.
The arrow hits you!
You die...

......####.# #.# #...##
......###..# #.# #....##
.......##.## #.######.....#
.###.....c##
#.##.......#(####
####......###....###........#
#..............### #####....#
.....##..#....### #.....##
##......####...#####
#<.....### ###.#..#
#.....@..#####.........
#.#..#
#.##...#...........#... ##.#
#.##.........#......... ...
....................... ..
........................
.#.###...##.............[ ...
#...................
#....##......†..<.... #.##
##..............


You could see a centaur.

Vanquished Creatures
  2 adders (D:2)
  An adder skeleton (D:2)
  2 dart slugs (D:1)
  2 worms (D:2)
  An orc (D:3)
  5 bats
  6 endoplasms
  5 goblins
  3 hobgoblins
  A kobold (D:3)
  5 ball pythons
  A frilled lizard (D:3)
  5 rats
39 creatures vanquished.

Notes
Turn   | Place    | Note
-------+----------+-------------------------------------------
     0 | D:1      | phibes the Djinni Gladiator began the quest for the Orb.
     0 | D:1      | Reached XP level 1. HP: 18/18 MP: 0/0
   272 | D:1      | Reached XP level 2. HP: 23/23 MP: 0/0
  1173 | D:2      | Reached XP level 3. HP: 25/28 MP: 0/0
  1173 | D:2      | Learned a level 1 spell: Magic Dart
  2168 | D:2      | Found a snail-covered altar of Cheibriados.
  2217 | D:2      | Reached skill level 1 in Armour
  2217 | D:2      | Reached XP level 4. HP: 21/34 MP: 0/0
  2392 | D:2      | Reached skill level 1 in Spellcasting
  2909 | D:3      | Found a shimmering altar of Xom.
  3057 | D:3      | Noticed a centaur
  3078 | D:3      | Shot with an arrow by a centaur

Illustrated notes

Levels and vault maps discovered:
D:1:      minmay_arrival_stone_box, layout_basic
D:2:      wander_river, layout_loops_cross, basic_altar
D:3:      layout_rooms, mainiacjoe_overflow_swirl, old_standard_altar,
          minmay_checkerbox

Skill      XL: |  1  2  3  4 |
---------------+-------------+-----
Armour         | 1 |  1.1
Spellcasting   | 1 |  1.0
Fighting       | |  2.6
Throwing       | |  1.5
Dodging        | |  3.8
Unarmed Combat | |  3.4

Action                   |  1- 3 |  4- 6 || total
-------------------------+-------+-------++-------
Melee: Unarmed           |   131 |    46 ||   177
       Punch             |     2 |       ||     2
  Use: Scroll            |       |     4 ||     4
       Potion            |       |     3 ||     3
Armor: Leather armour    |     3 |       ||     3
       Ring mail         |     5 |       ||     5
       Chain mail        |    25 |    22 ||    47
Dodge: Dodged            |    37 |    33 ||    70
